AoeStats
← 绣虎

Arena

509044752Analyzed
4v4 RM · 7d ago on Sep 25, 2026· 40m 59s· 8 players
Game mode
Random Map
Map size
Large (8 player)
Population
200
Speed
Normal
Resources
Standard
Victory
Conquest
Starting age
Dark Age
Ending age
Imperial Age
RankedLock teamsTeams togetherTeam positionsShared explorationLock speedFull tech treeHidden civsTurbo modeCheats
Victory
Defeat
🇨🇳 Mongols · China
1076
+13
🇨🇳 Ethiopians · China
1051
+14
🇹🇼 Chinese · Taiwan
1050
+14
🇨🇳 Hindustanis · China
1038
+16
🇦🇷 Persians · Argentina
1043
-15
🇫🇷 Turks · France
1034
-15
🇺🇸 Portuguese · United States
1000
-43
🇨🇳 Wei · China
991
-13
绣虎
10:49 Feudal Age
14:57 Castle Age
13:10 Double-Bit Axe
16:48 Wheelbarrow
16:27 Bow Saw
16:03 Horse Collar
20:02 Heavy Plow
20:13 Loom
22:48 Hand Cart
23:12 Fletching
23:22 Padded Archer Armor
24:28 Town Watch
24:43 Bodkin Arrow
25:04 Leather Archer Armor
26:15 Crossbowman
28:19 Ballistics
28:10 Masonry
28:12 Fortified Wall
28:44 Thumb Ring
28:10 Elite Skirmisher
31:40 Imperial Age
33:09 Imperial Age
33:17 Arbalester
34:02 Bracer
34:33 Ring Archer Armor
34:13 Stone Mining
34:16 Gold Mining
37:02 Two-Man Saw
37:04 Chemistry
36:43 Stone Shaft Mining
36:49 Gold Shaft Mining
37:17 Conscription
39:27 Guilds
41:11 Architecture
40:48 Caravan
41:19 Coinage
40:48 Capped Ram
爺爺使把勁
0:26 Loom
11:13 Feudal Age
15:44 Castle Age
13:52 Double-Bit Axe
14:45 Horse Collar
16:27 Heavy Plow
17:47 Wheelbarrow
22:22 Bow Saw
22:10 Stone Mining
22:12 Gold Mining
31:01 Imperial Age
29:43 Gold Shaft Mining
29:43 Stone Shaft Mining
30:03 Forging
29:53 Scale Mail Armor
29:55 Squires
29:16 Pikeman
29:43 Arson
30:53 Hand Cart
31:47 Iron Casting
31:30 Halberdier
32:27 Chain Mail Armor
32:41 Ballistics
32:39 Masonry
33:48 Chemistry
33:09 Ballistics
34:31 Blast Furnace
33:37 Heavy Rocket Cart
35:07 Great Wall
35:54 Plate Mail Armor
38:45 Elite Fire Lancer
41:00 Heated Shot
犹豫就会败北
1:28 Loom
8:59 Feudal Age
9:37 Double-Bit Axe
16:15 Castle Age
14:27 Horse Collar
18:03 Bow Saw
23:42 Wheelbarrow
30:17 Imperial Age
27:58 Heavy Plow
27:52 Gold Mining
28:53 Hand Cart
28:35 Stone Mining
29:49 Padded Archer Armor
29:40 Fletching
30:51 Gold Shaft Mining
30:53 Stone Shaft Mining
30:38 Elite Mangudai
31:40 Conscription
32:47 Ballistics
33:27 Chemistry
32:56 Parthian Tactics
32:47 Bodkin Arrow
33:07 Leather Archer Armor
33:11 Bloodlines
33:03 Husbandry
32:26 Light Cavalry
34:32 Bracer
34:28 Town Watch
35:30 Scale Barding Armor
35:37 Forging
35:37 Thumb Ring
35:22 Hussar
boboaidy
9:50 Feudal Age
13:57 Castle Age
12:09 Double-Bit Axe
18:44 Bow Saw
20:49 Loom
21:04 Horse Collar
23:48 Wheelbarrow
28:03 Imperial Age
25:53 Hand Cart
26:03 Forging
26:29 Scale Barding Armor
26:49 Bloodlines
26:41 Husbandry
26:46 Scale Mail Armor
27:49 Chain Barding Armor
27:36 Gold Mining
28:51 Iron Casting
28:27 Heavy Camel Rider
29:59 Gold Shaft Mining
30:07 Plate Barding Armor
30:13 Imperial Camel Rider
33:47 Town Watch
36:06 Blast Furnace
34:38 Siege Elephant
36:38 Heavy Plow
37:04 Stone Mining
38:46 Grand Trunk Road
39:08 Conscription
Ricefinder
9:49 Feudal Age
11:15 Wheelbarrow
10:47 Horse Collar
13:26 Double-Bit Axe
21:47 Castle Age
23:06 Hand Cart
25:07 Heavy Plow
31:20 Imperial Age
36:38 Thumb Ring
36:00 Crossbowman
38:25 Arbalester
francis le tueur
12:55 Feudal Age
17:20 Castle Age
15:07 Double-Bit Axe
15:05 Horse Collar
15:33 Gold Mining
21:22 Imperial Age
19:10 Padded Archer Armor
21:04 Leather Archer Armor
21:44 Wheelbarrow
22:36 Ring Archer Armor
27:22 Ballistics
33:42 Fortified Wall
33:16 Treadmill Crane
33:47 Masonry
34:33 Hand Cart
34:04 Loom
34:05 Town Watch
35:57 Architecture
tony halcon
10:49 Feudal Age
11:49 Double-Bit Axe
11:59 Horse Collar
14:26 Castle Age
16:08 Bow Saw
17:37 Fervor
19:52 Wheelbarrow
19:04 Town Watch
21:42 Bloodlines
21:32 Husbandry
23:00 Husbandry
23:25 Scale Barding Armor
25:13 Hand Cart
26:21 Chain Barding Armor
30:53 Imperial Age
29:19 Town Patrol
32:21 Plate Barding Armor
31:58 Forging
32:10 Conscription
33:06 Two-Man Saw
32:08 Heavy Plow
33:26 Chemistry
33:55 Hoardings
33:38 Masonry
33:24 Murder Holes
35:22 Fletching
36:08 Iron Casting
36:43 Architecture
36:38 Bodkin Arrow
36:13 Cavalier
36:15 Heavy Camel Rider
39:28 Blast Furnace
38:20 Light Cavalry
39:36 Guilds
40:25 Citadels
Manchuria lmuberjack
10:05 Feudal Age
16:07 Castle Age
15:17 Horse Collar
15:29 Double-Bit Axe
15:39 Gold Mining
17:40 Bow Saw
20:30 Wheelbarrow
20:28 Heavy Plow
23:54 Hand Cart
23:26 Loom
26:05 Gold Shaft Mining
31:14 Imperial Age
28:47 Treadmill Crane
29:03 Murder Holes
29:31 Fletching
29:53 Forging
29:48 Scale Barding Armor
30:26 Husbandry
31:25 Iron Casting
31:21 Bloodlines
32:25 Ming Guang Armor
32:44 Chain Barding Armor
33:25 Blast Furnace
32:41 Heavy Hei Guang Cavalry
33:48 Bodkin Arrow
34:49 Fortified Wall
34:50 Masonry
35:34 Scale Mail Armor
35:52 Elite Skirmisher
36:55 Pikeman
Connection lost

Rejoining the realm…

Still unreachable

The connection could not be restored.

Session expired

The server has moved on; the page needs a fresh start.